 Dungeon Crawl Stone Soup version 0.27.1-34-g3ba077fa99 (console) character file.

Game seed: 11642124135394763660

64 Banquo the Chopper (level 4, 0/35 HPs)
             Began as a Djinni Chaos Knight on Jan 7, 2022.
             Was a Follower of Makhleb.
             Killed from afar by a white imp (15 damage)
             ... with a puff of frost
             ... summoned by Xom
             ... on level 2 of the Dungeon.
             The game lasted 00:02:58 (1330 turns).

Banquo the Chopper (Djinni Chaos Knight)            Turns: 1330, Time: 00:03:00

Health: 0/35       AC:  5    Str: 11    XL:     4   Next: 32%
Gold:   78         EV: 12    Int: 15    God:    Makhleb [*.....] SH:  0 Dex: 12

rFire    + + .     SeeInvis .   a - +0 hand axe (chaos)
rCold    x . .     Faith    .   (no shield)
rNeg     . . .     Spirit   .   b - +2 leather armour
rPois    ∞         Reflect  .   (no helmet)
rElec    .         Harm     .   (no cloak)
rCorr    .         Rampage  .   (no gloves)
Will     .....                  (boots unavailable)
Stlth    +.........             (no amulet)
HPRegen  0.11/turn              (no ring)
MPRegen  0.00/turn              (no ring)

@: flying
A: sickness immunity, fire resistance 2, cold vulnerability 1, float, innate
caster, hp casting, extra vitality 1
a: Renounce Religion


You were on level 2 of the Dungeon.
You worshipped Makhleb.
Makhleb was aware of your devotion.
You visited 1 branch of the dungeon, and saw 2 of its levels.

You collected 78 gold pieces.

Inventory:

Hand Weapons
 a - a +0 hand axe of chaos (weapon)
Missiles
 d - 22 stones (quivered)
 e - 16 poisoned darts
 h - 5 curare-tipped darts
Armour
 b - a +2 leather armour (worn)
Wands
 i - a wand of digging (6)
Scrolls
 c - a scroll of immolation {unknown}
 f - a scroll of enchant armour {unknown}
 g - a scroll of acquirement {unknown}
 j - a scroll of blinking {unknown}
 k - a scroll of fear {unknown}


   Skills:
 + Level 3.0 Fighting
 * Level 3.7 Axes
 * Level 1.7 Armour
 + Level 2.3 Dodging
 * Level 0.1 Invocations


You had 2 spell levels left.
You knew the following spells:

 Your Spells              Type           Power      Damage    Failure   Level
a - Summon Small Mammal   Summ           0%         N/A       34%         1
Your spell library was empty.

Dungeon Overview and Level Annotations

Branches:
Dungeon (2/15)

Altars:
Makhleb

Shops:
D:2 (


Innate Abilities, Weirdness & Mutations

You are immune to sickness and miasma.
You are immune to poison.
Your flesh is very heat resistant. (rF++)
You are vulnerable to cold. (rC-)
You float through the air rather than walking.
You learn spells naturally, not from books.
Your magical power is your life essence.
You have superior vitality. (+4 HP)


Message History

The white imp gestures at you. The puff of frost misses you.
The puff of frost hits the crimson imp.
The crimson imp is frozen!
The crimson imp closely misses you. x2
You hit the crimson imp but do no damage.
The crimson imp is moderately wounded.
You closely miss the iron imp. You closely miss the crimson imp.
You miss the white imp. The iron imp barely misses you.
The crimson imp misses you. The white imp gestures at you.
The puff of frost misses you.
The puff of frost hits the crimson imp!
The crimson imp is frozen!
The crimson imp dies!
The crimson imp disappears in a puff of smoke!
The crimson imp hits you.
You bump into the rock wall.
You feel less confused. The white imp misses you.
The iron imp closely misses you. The crimson imp barely misses you.
Unknown command.
You closely miss the crimson imp. You barely miss the iron imp.
You hit the shadow imp. You hit the white imp.
The white imp flickers and vanishes!
Deactivating autopickup; reactivate with Ctrl-A.
The shadow imp hits you but does no damage.
Something hits you. Something freezes you.
You feel a terrible chill! The crimson imp closely misses you.
The iron imp completely misses you.
You closely miss the crimson imp. You hit something but do no damage.
You barely miss the shadow imp. You hit the iron imp.
A puff of frost appears from out of thin air!
The puff of frost hits you.
The shadow imp shouts, "Decamp, thou mangled knotty-pated deadneck!"
The shadow imp misses you.
The crimson imp hits you but does no damage.
You slash the crimson imp!
The crimson imp seems to grow stronger.
The crimson imp is heavily wounded.
You hit something but do no damage.
Nothing appears to happen.
You closely miss the shadow imp. You completely miss the iron imp.
A puff of frost appears from out of thin air!
The puff of frost hits you!
You feel a terrible chill!
You die...

#. #. ### #.#####
... ..#.. #.#
#†#.# # #.# #)#.#
#.##.# #†.<######
#..5{# #.........
.#######@#
#.########
......555# #.#
########.#######.#
#........[#
###########


You could see 2 iron imps, a crimson imp (summoned, strong) and a shadow imp
(summoned).

Vanquished Creatures
  2 adders (D:2)
  A river rat (D:1)
  A dart slug (D:1)
  3 bats
  3 endoplasms (D:1)
  2 giant cockroaches (D:1)
  4 goblins
  5 hobgoblins
  A quokka (D:2)
  4 ball pythons
  A frilled lizard (D:1)
  4 kobolds
  3 rats
34 creatures vanquished.

Vanquished Creatures (others)
  2 plants
2 creatures vanquished.

Grand Total: 36 creatures vanquished

Notes
Turn   | Place    | Note
-------+----------+-------------------------------------------
     0 | D:1      | Banquo the Djinni Chaos Knight began the quest for the Orb.
     0 | D:1      | Reached XP level 1. HP: 20/20 MP: 0/0
   255 | D:1      | Reached XP level 2. HP: 21/25 MP: 0/0
   499 | D:1      | Reached XP level 3. HP: 30/30 MP: 0/0
   499 | D:1      | Learned a level 1 spell: Summon Small Mammal
   554 | D:1      | Found a faded altar of an unknown god.
   563 | D:1      | Fell from the grace of Xom
   563 | D:1      | Became a worshipper of Makhleb the Destroyer
   563 | D:1      | Reached * piety under Makhleb
  1047 | D:2      | Reached XP level 4. HP: 31/35 MP: 0/0
  1144 | D:2      | Found Iteut's Antique Weapon Boutique.
  1320 | D:2      | XOM: summons 6 hostile demons
  1330 | D:2      | Killed from afar by a white imp

Illustrated notes

Levels and vault maps discovered:
D:1:      wander_arrival_estate, layout_basic,
          ebering_ecumenical_altar_abandoned, chequers_mini_garden,
          serial_bayou_ford_a
D:2:      layout_loops_ring, serial_shops, shop_fountains,
          nicolae_lakefront_shop, serial_bayou, serial_bayou_lake_a,
          serial_bayou_lagoon_a, serial_bayou_shore_a, serial_bayou_shore_b,
          minmay_heptomino_l4

Skill      XL: |  1 |
---------------+----+-----
Axes           | 3 |  3.7
Fighting       | |  3.0
Armour         | |  1.7
Dodging        | |  2.3
Invocations    | |  0.1

Action                   |  1- 3 |  4- 6 || total
-------------------------+-------+-------++-------
Melee: Hand axe          |    61 |    31 ||    92
Armor: Leather armour    |    11 |    11 ||    22
Dodge: Dodged            |    33 |    29 ||    62
